AoeStats
← Huskarls4

QS Arena

503236081Analyzed
4v4 RM · 2mo ago on Aug 30, 2026· 40m 21s· 8 players
Game mode
Random Map
Map size
Large (8 player)
Population
200
Speed
Normal
Resources
Standard
Victory
Conquest
Starting age
Dark Age
Ending age
Imperial Age
RankedLock teamsTeams togetherTeam positionsShared explorationLock speedFull tech treeHidden civsTurbo modeCheats
Victory
Defeat
🇨🇳 Gurjaras · China
1535
+13
🇨🇳 Persians · China
1492
+15
🇧🇷 Malians · Brazil
1481
+16
🇬🇧 Khmer · United Kingdom
1461
+17
vs
🇺🇸 Britons · United States
1551
-19
🇫🇷 Slavs · France
1455
-14
🇲🇽 Bulgarians · Mexico
1452
-14
🇨🇿 Franks · Czechia
1444
-14
Huskarls4
7:42 Feudal Age
11:14 Castle Age
16:35 Wheelbarrow
22:49 Loom
24:42 Scale Barding Armor
26:46 Chain Barding Armor
27:09 Husbandry
27:43 Forging
28:08 Gold Mining
28:37 Bloodlines
28:34 Double-Bit Axe
31:24 Iron Casting
35:47 Imperial Age
36:17 Hand Cart
36:52 Bow Saw
38:02 Chemistry
36:57 Heavy Scorpion
38:21 Conscription
38:14 Siege Engineers
39:02 Double Crossbow
39:28 Ballistics
38:34 Light Cavalry
40:03 Hoardings
40:30 Fletching
只会种田
8:08 Feudal Age
12:06 Castle Age
10:06 Double-Bit Axe
10:08 Horse Collar
14:19 Bow Saw
20:40 Wheelbarrow
20:36 Heavy Plow
21:37 Stone Mining
21:42 Gold Mining
26:08 Imperial Age
23:46 Scale Barding Armor
24:16 Hand Cart
23:47 Loom
24:14 Forging
25:11 Chain Barding Armor
26:03 Iron Casting
26:22 Stone Shaft Mining
26:22 Gold Shaft Mining
27:04 Plate Barding Armor
26:36 Husbandry
26:47 Bloodlines
27:12 Conscription
28:33 Chemistry
27:29 Murder Holes
28:44 Blast Furnace
29:26 Two-Man Saw
28:37 Fletching
29:10 Ballistics
29:04 Devotion
30:31 Crop Rotation
30:03 Kamandaran
29:43 Elite War Elephant
30:52 Bodkin Arrow
31:53 Hoardings
38:28 Guilds
38:48 Coinage
38:10 Arson
38:26 Squires
SSx_APOCALIPSE
6:02 Loom
8:10 Feudal Age
12:19 Castle Age
10:24 Double-Bit Axe
11:02 Stone Mining
11:38 Horse Collar
18:55 Forging
19:48 Scale Mail Armor
22:06 Town Watch
28:51 Imperial Age
27:47 Wheelbarrow
27:40 Gold Mining
29:29 Stone Shaft Mining
29:11 Chain Mail Armor
30:44 Hand Cart
31:06 Heavy Plow
32:52 Elite Gbeto
34:43 Conscription
35:14 Gold Shaft Mining
39:10 Farimba
39:28 Scale Barding Armor
39:59 Iron Casting
39:40 Light Cavalry
40:31 Bloodlines
40:38 Husbandry
40:59 Chain Barding Armor
风过无声
6:29 Feudal Age
10:42 Castle Age
9:09 Double-Bit Axe
11:30 Loom
20:12 Wheelbarrow
19:49 Horse Collar
21:22 Bow Saw
29:32 Imperial Age
27:51 Husbandry
28:29 Bloodlines
29:48 Scale Barding Armor
29:53 Forging
32:35 Chain Barding Armor
34:04 Plate Barding Armor
34:00 Conscription
35:41 Iron Casting
36:30 Elite Shrivamsha Rider
Eat_Rice
8:10 Feudal Age
12:20 Castle Age
11:38 Double-Bit Axe
13:56 Bow Saw
16:02 Gold Mining
17:27 Fletching
20:08 Bodkin Arrow
21:16 Loom
22:53 Wheelbarrow
23:20 Gold Shaft Mining
25:51 Ballistics
29:42 Imperial Age
27:41 Hand Cart
28:04 Horse Collar
30:02 Padded Archer Armor
30:47 Bracer
30:11 Elite Longbowman
31:21 Conscription
33:22 Two-Man Saw
32:28 Stone Mining
32:47 Heavy Plow
34:13 Chemistry
33:30 Leather Archer Armor
33:11 Pikeman
33:51 Squires
36:25 Halberdier
38:01 Scale Mail Armor
38:12 Forging
40:11 Ring Archer Armor
40:00 Chain Mail Armor
YuF
9:05 Feudal Age
12:51 Castle Age
10:44 Double-Bit Axe
10:50 Horse Collar
13:51 Wheelbarrow
13:34 Heavy Plow
13:46 Bow Saw
14:56 Husbandry
21:06 Bloodlines
20:50 Light Cavalry
21:54 Forging
22:39 Scale Barding Armor
23:39 Chain Barding Armor
25:32 Iron Casting
26:36 Hand Cart
27:04 Gold Mining
27:31 Stone Mining
29:13 Stone Shaft Mining
28:55 Town Watch
29:46 Gold Shaft Mining
29:40 Fletching
31:08 Stirrups
35:09 Imperial Age
33:44 Bodkin Arrow
33:36 Arson
33:52 Squires
33:37 Gambesons
34:17 Ballistics
33:36 Pikeman
34:40 Scale Mail Armor
35:30 Chain Mail Armor
36:16 Masonry
35:33 Hussar
35:36 Elite Konnik
36:40 Conscription
35:56 Halberdier
37:42 Plate Barding Armor
38:09 Blast Furnace
37:41 Plate Mail Armor
38:21 Bracer
39:23 Chemistry
Rakosnik
8:16 Feudal Age
11:59 Castle Age
10:04 Double-Bit Axe
11:27 Loom
13:36 Bow Saw
15:42 Town Watch
18:43 Wheelbarrow
18:00 Loom
20:53 Fletching
21:44 Gold Mining
21:50 Stone Mining
24:13 Scale Mail Armor
24:17 Bodkin Arrow
25:26 Hand Cart
29:44 Imperial Age
28:09 Masonry
28:57 #83
29:49 Ballistics
29:53 Heavy Scorpion
31:35 Chemistry
30:41 Siege Engineers
31:01 Scale Mail Armor
31:11 Forging
Cokacolas
7:51 Feudal Age
13:32 Castle Age
12:14 Double-Bit Axe
12:11 Horse Collar
18:07 Bow Saw
18:44 Wheelbarrow
18:24 Loom
20:39 Scale Mail Armor
23:28 Hand Cart
23:24 Gold Mining
23:24 Stone Mining
28:16 Imperial Age
25:34 Town Watch
25:51 Heavy Plow
26:33 Scale Barding Armor
26:38 Forging
26:44 Chain Mail Armor
25:51 Pikeman
26:32 Squires
27:16 Chain Barding Armor
27:24 Bloodlines
27:16 Husbandry
27:15 Stone Mining
28:31 Iron Casting
28:19 Cavalier
29:35 Plate Barding Armor
30:22 Blast Furnace
30:01 Halberdier
32:34 Plate Mail Armor
Connection lost

Rejoining the realm…

Still unreachable

The connection could not be restored.

Session expired

The server has moved on; the page needs a fresh start.